 Dungeon Crawl Stone Soup version 0.18-a0-1788-g92de1ac (webtiles) character file.

955 Mefis the Magician (level 8, 0/53 HPs)
             Began as a Human Wizard on Apr 20, 2016.
             Was a Follower of Sif Muna.
             Killed from afar by an orc wizard (11 damage)
             ... with a magic dart
             ... on level 6 of the Dungeon.
             The game lasted 00:59:51 (5647 turns).

Mefis the Magician (Human Wizard)                   Turns: 5647, Time: 00:59:52

Health: 0/53       AC:  5    Str:  7 (8)  XL:     8   Next: 36%
Magic:  7/16       EV: 13    Int: 21      God:    Sif Muna [*.....]
Gold:   235        SH:  0    Dex: 10 (11) Spells: 7 memorised, 3 levels left

rFire  . . .     SeeInvis .     a - +0 hand axe (curse)
rCold  . . .     Gourm    .     C - +0 robe
rNeg   . . .     Faith    .     (no shield)
rPois  +         Spirit   .     p - +1 helmet
rElec  +         Dismiss  .     x - +0 cloak
rCorr  .         Reflect  .     (no gloves)
SustAt .         Harm     .     (no boots)
MR     .....                    (no amulet)
Stlth  ++........               b - ring of flight
                                r - ring of poison resistance

@: very slightly contaminated, not resistant to hostile enchantments, unstealthy
A: deterioration 1, mutation resistance 1, electricity resistance
a: Channel Energy, Renounce Religion, Evoke Flight


You were on level 6 of the Dungeon.
You worshipped Sif Muna.
Sif Muna was aware of your devotion.
You were not hungry.

You visited 2 branches of the dungeon, and saw 7 of its levels.

You collected 235 gold pieces.

Inventory:

Hand Weapons
 a - a cursed +0 hand axe (weapon)
 e - a +0 dagger
 k - a -3 short sword
 m - a cursed +0 hunting sling
Missiles
 i - 2 javelins (quivered)
 n - 46 poisoned needles
 q - 37 arrows
 z - 2 throwing nets
Armour
 p - a +1 helmet (worn)
 x - a +0 cloak (worn)
 C - a +0 robe (worn)
Jewellery
 b - a ring of flight (right hand)
 r - a ring of poison resistance (left hand)
Wands
 h - a wand of enslavement (11/24)
Scrolls
 g - a scroll of magic mapping
 j - 2 scrolls of identify
 s - a scroll of enchant weapon
 t - a scroll of noise
Books
 c - a book of Minor Magic

   Spells                             Type                      Level
   a - Magic Dart                     Conjuration                  1
   b - Blink                          Translocation                2
   c - Call Imp                       Summoning                    2
   d - Repel Missiles                 Charms/Air                   2
   e - Slow                           Hexes                        2
   f - Conjure Flame                  Conjuration/Fire             3
   g - Mephitic Cloud                 Conjuration/Poison/Air       3
Comestibles
 d - 4 bread rations
 l - a meat ration
 o - 2 beef jerkies
 A - a slice of pizza


   Skills:
 + Level 0.6 Fighting
 + Level 0.8 Short Blades
 + Level 0.2 Axes
 + Level 3.1 Throwing
 + Level 3.7 Dodging
 + Level 3.0 Stealth
 + Level 5.9 Spellcasting
 + Level 3.0 Conjurations
 + Level 0.2 Charms
 + Level 3.1 Summonings
 + Level 1.0 Translocations
 + Level 0.2 Fire Magic
 + Level 0.8 Air Magic
 + Level 0.2 Poison Magic
 + Level 0.2 Evocations


You had 3 spell levels left.
You knew the following spells:

 Your Spells              Type           Power        Failure   Level  Hunger
a - Magic Dart            Conj           ###.         3%          1    None
b - Call Imp              Summ           ###.....     4%          2    None
c - Blink                 Tloc           N/A          12%         2    None
d - Repel Missiles        Chrm/Air       #.....       14%         2    None
e - Mephitic Cloud        Conj/Pois/Air  ##......     21%         3    ##.....
f - Conjure Flame         Conj/Fire      ##......     17%         3    ##.....
g - Slow                  Hex            #.......     17%         2    None


Dungeon Overview and Level Annotations

Branches:
Dungeon (6/15)             Temple (1/1) D:5

Altars:
Ashenzari
Cheibriados
Dithmenos
Elyvilon
Gozag
Kikubaaqudgha
Makhleb
Nemelex Xobeh
Okawaru
Pakellas
Qazlal
Ru
Sif Muna
Trog
Vehumet
Yredelemnul

Shops:
D:5 (

Annotations:
D:6 Sigmund


Innate Abilities, Weirdness & Mutations

Your body sometimes deteriorates upon taking damage.
You are somewhat resistant to further mutation.
You are resistant to electric shocks.


Message History

Strange energies run through your body. The hound bites you.
* * * LOW HITPOINT WARNING * * *
The orc barely misses you.
The orc wizard hits you but does no damage.
The adder bites your crimson imp.
Casting: Blink
Confirm with . or Enter, or press ? or * to list all spells.
You blink.
An orc warrior comes into view. It is wielding a scimitar.
Your crimson imp blinks!
Your crimson imp closely misses the orc warrior.
Your crimson imp blinks!
The adder bites you.
* * * LOW HITPOINT WARNING * * *
You aren't carrying any potions.
Read which item? (? for menu, Esc to quit)
Okay, then.
The orc wizard points at you and mumbles some strange words.
The magic dart hits you!
You die...

#. .. #.### ...
#...# #... ..#
###...# #.... ...#
##.....##.....
...##......#......
#..............#
##......S.@....#
###.......h......#
##............#####
##......§Oo....#
.##...........)..#
..........oZ..o.##
........l...5...#
..............5.#
................##


You could see an orc warrior, an ogre, a hound, an orc wizard, an adder, an orc,
a wyvern skeleton and 2 friendly crimson imps.

Vanquished Creatures
  A phantom (D:5)
  2 ogres (D:4)
  A water moccasin skeleton (D:3)
  A jelly (D:5)
  An orc priest (D:3)
  An iguana (D:4)
  3 orc wizards
  3 worker ants
  3 gnolls (D:4)
  2 adders
  A giant gecko (D:5)
  9 orcs
  3 giant cockroaches
  6 goblins
  7 hobgoblins
  2 jackals (D:2)
  4 quokkas
  A ball python (D:1)
  4 bats
  4 giant newts
  A jackal zombie (D:5)
  8 kobolds
  9 rats
77 creatures vanquished.

Vanquished Creatures (collateral kills)
  The ghost of Nedvokis the Sneak, an amateur NaFE of Dithmenos (D:3)
  Purgy (D:3)
  An ogre (D:5)
  2 scorpions (D:5)
  A crimson imp (D:5)
  A jelly (D:5)
  An orc wizard (D:3)
  A hound skeleton (D:5)
  3 adders
  An ooze (D:2)
  A worm (D:2)
  4 orcs
  A hobgoblin (D:2)
  A jackal (D:2)
  A kobold (D:2)
  A quokka (D:2)
  4 rats
26 creatures vanquished.

Vanquished Creatures (others)
  A human (D:4)
1 creature vanquished.

Grand Total: 104 creatures vanquished

Notes
Turn   | Place    | Note
--------------------------------------------------------------
     0 | D:1      | Mefis the Human Wizard began the quest for the Orb.
     0 | D:1      | Reached XP level 1. HP: 13/13 MP: 4/4
   219 | D:1      | Reached XP level 2. HP: 19/19 MP: 0/6
   307 | D:1      | Learned a level 2 spell: Call Imp
   310 | D:1      | Learned a level 2 spell: Blink
   313 | D:1      | Learned a level 2 spell: Repel Missiles
   980 | D:2      | Reached XP level 3. HP: 24/24 MP: 0/7
  1111 | D:2      | Found a deep blue altar of Sif Muna.
  1142 | D:2      | Became a worshipper of Sif Muna the Loreminder
  1348 | D:2      | Found an oddly glowing altar of Pakellas.
  1350 | D:2      | Found an opulent altar of Gozag.
  1397 | D:2      | Reached XP level 4. HP: 30/30 MP: 4/9
  1402 | D:2      | Learned a level 3 spell: Mephitic Cloud
  1892 | D:2      | Reached skill level 1 in Throwing
  2036 | D:3      | Noticed Nedvokis's ghost (amateur NaFE)
  2097 | D:3      | Killed Nedvokis's ghost
  2097 | D:3      | Reached skill level 4 in Spellcasting
  2097 | D:3      | Reached XP level 5. HP: 30/35 MP: 2/11
  2522 | D:3      | Noticed Purgy
  2545 | D:3      | Killed Purgy
  2545 | D:3      | Reached XP level 6. HP: 42/42 MP: 3/12
  2559 | D:3      | Learned a level 3 spell: Conjure Flame
  2681 | D:3      | Found a stormy altar of Qazlal.
  3072 | D:4      | Noticed an ogre
  3086 | D:4      | Killed an ogre
  3086 | D:4      | Reached * piety under Sif Muna
  3086 | D:4      | Reached XP level 7. HP: 47/47 MP: 5/14
  3101 | D:4      | Learned a level 2 spell: Slow
  3219 | D:4      | Reached skill level 5 in Spellcasting
  3467 | D:4      | Found an ancient bone altar of Kikubaaqudgha.
  3467 | D:4      | Noticed a human
  3471 | D:4      | Killed a human
  3771 | D:5      | Entered Level 5 of the Dungeon
  4152 | D:5      | Reached XP level 8. HP: 40/53 MP: 7/16
  4439 | D:5      | Found Keyffuet's Weapon Emporium.
  4588 | D:5      | Found a staircase to the Ecumenical Temple.
  4604 | Temple   | Entered the Ecumenical Temple
  5191 | D:6      | Noticed Sigmund
  5283 | D:5      | Gained mutation: You are resistant to electric shocks. [potion of mutation]
  5283 | D:5      | Gained mutation: Your body sometimes deteriorates upon taking damage. [potion of mutation]
  5283 | D:5      | Gained mutation: You are somewhat resistant to further mutation. [potion of mutation]
  5588 | D:4      | You fall through a shaft for 2 floors!
  5647 | D:6      | Killed from afar by an orc wizard

Vault maps used:
D:1:      dpeg_arrival_chambers_temple_mockup
D:2:      old_standard_altar, nicolae_overflow_hidden_temple
D:3:      first_bread, nicolae_qazlal_general_emergency, uniq_purgy
D:4:      moated_statue, minmay_misc_feat_rows, columned_hall_lemuel,
          tgw_kikubaaqudgha
D:5:      minmay_temple_entry_glassed_door, serial_shops,
          nicolae_shop_statue_plus
D:6:      minitemple, serial_shops, shop, uniq_sigmund
Temple:   oiseaux_autumnal_temple_12

Skill      XL: |  1  2  3  4  5  6  7  8 |
---------------+-------------------------+-----
Throwing       | 1 2 3 |  3.1
Spellcasting   | 4 5 |  5.9
Dodging        | 3 |  3.7
Conjurations   | 2 3 |  3.0
Summonings     | 2 3 |  3.1
Stealth        | 3 |  3.0
Fighting       | |  0.6
Short Blades   | |  0.8
Axes           | |  0.2
Charms         | |  0.2
Translocations | |  1.0
Fire Magic     | |  0.2
Air Magic      | |  0.8
Poison Magic   | |  0.2
Evocations     | |  0.2

Action                   |  1- 3 |  4- 6 |  7- 9 || total
-------------------------+-------+-------+-------++-------
Melee: Short sword       |    70 |    46 |     6 ||   122
       Dagger            |     4 |       |       ||     4
       Hand axe          |       |       |    31 ||    31
Throw: Javelin           |    17 |    35 |    43 ||    95
 Cast: Magic Dart        |    52 |    55 |    70 ||   177
       Call Imp          |     9 |    14 |    31 ||    54
       Repel Missiles    |     1 |       |       ||     1
       Conjure Flame     |       |     3 |    14 ||    17
       Mephitic Cloud    |       |     1 |     7 ||     8
       Blink             |       |       |    16 ||    16
 Abil: Evoke Flight      |       |       |     1 ||     1
  Use: Scroll            |     4 |       |     6 ||    10
       Potion            |       |     3 |     5 ||     8
 Stab: Sleeping          |       |       |     3 ||     3
  Eat: Bread ration      |     1 |     1 |     2 ||     4
       Chunk             |       |       |     2 ||     2
Armor: Robe              |    40 |    17 |    34 ||    91
Dodge: Dodged            |   107 |    48 |    77 ||   232
       Deflected         |     2 |       |     5 ||     7
